 Dungeon Crawl Stone Soup version 0.30-a0-458-g86641cc369 (webtiles) character file.

Game seed: 17965357770654710046

9637 Jackthecabe the Transmogrifier (level 11, -2/79 HPs)
             Began as a Demigod Conjurer on Dec 15, 2022.
             Shot with a bolt by a yaktaur (13 damage)
             ... on level 10 of the Dungeon.
             The game lasted 00:28:52 (13706 turns).

Jackthecabe the Transmogrifier (Demigod Conjurer)  Turns: 13706, Time: 00:28:53

Health: -2/79      AC:  8    Str:  8    XL:     11   Next: 5%
Magic:  2/20       EV: 12    Int: 38    God:
Gold:   365        SH:  0    Dex: 12    Spells: 6/18 levels left

rFire   . . .      SeeInvis .    L - +4 dagger (venom)
rCold   . . .      Faith    .    (no shield)
rNeg    + . .      Spirit   .    E - +2 robe {Will+}
rPois   .          Reflect  .    s - +1 hat
rElec   .          Harm     .    j - +0 cloak
rCorr   .          Rampage  .    H - +0 pair of gloves
Will    ++...                    m - +0 pair of boots
Stlth   ++........               (no amulet)
HPRegen 0.33/turn                N - ring of positive energy
MPRegen 0.17/turn                I - +6 ring of intelligence

@: very slightly contaminated, studying Short Blades
A: high MP 1, forlorn, divine attributes
a: no special abilities


You were on level 10 of the Dungeon.
You visited 1 branch of the dungeon, and saw 10 of its levels.

You collected 612 gold pieces.
You spent 247 gold pieces at shops.


Innate Abilities, Weirdness & Mutations

You have an increased reservoir of magic. (+10% MP)
You shall have no god before yourself.
Your divine heritage dramatically boosts your attributes as you level up.


   Skills:
 + Level 1.8 Fighting
 - Level 1.7 Dodging
 - Level 1.7 Stealth
 - Level 4.0 Spellcasting
 - Level 10.0 Conjurations
 - Level 6.0 Hexes
 - Level 10.0 Transmutations
 - Level 2.2 Fire Magic
 - Level 4.0 Evocations


You had 6 spell levels left.
You knew the following spells:

 Your Spells              Type           Power      Damage    Failure   Level
f - Fulminant Prism       Conj/Hex       31%        3d16      1%          4
i - Irradiate             Conj/Tmut      35%        3d23      1%          5
m - Magic Dart            Conj           100%       1d8       1%          1
s - Searing Ray           Conj           100%       2d8       1%          2

Your spell library contained the following spells:

 Spells                   Type           Power      Damage    Failure   Level
 Kiss of Death            Conj/Necr      100%       2d13      1%          1
 Ensorcelled Hibernation  Hex/Ice        60%        N/A       1%          2
 Momentum Strike          Conj/Tloc      90%        3d10      1%          2
 Passwall                 Tmut/Erth      37%        N/A       1%          2
 Confusing Touch          Hex            52%        N/A       1%          3
 Dazzling Flash           Conj/Hex       100%       N/A       1%          3
 Hailstorm                Conj/Ice       45%        3d10      1%          3
 Tukima's Dance           Hex            52%        N/A       1%          3
 Blade Hands              Tmut           35%        N/A       1%          5
 Freeze                   Ice            28%        1d5       3%          1
 Sandblast                Erth           14%        2d6       3%          1
 Portal Projectile        Hex/Tloc       60%        N/A       3%          3
 Yara's Violent Unravell  Hex/Tmut       31%        3d13      3%          5
 Iskenderun's Mystic Bla  Conj/Tloc      45%        2d10      4%          4
 Petrify                  Tmut/Erth      45%        N/A       4%          4
 Blink                    Tloc           14%        N/A       5%          2
 Sublimation of Blood     Necr           7%         N/A       5%          2
 Frozen Ramparts          Ice            14%        1d3       11%         3
 Gell's Gravitas          Tloc           7%         N/A       11%         3
 Lesser Beckoning         Tloc           14%        N/A       11%         3
 Swiftness                Air            7%         N/A       11%         3
 Teleport Other           Tloc           7%         N/A       11%         3
 Arcjolt                  Conj/Air       22%        1d32      13%         5
 Lightning Bolt           Conj/Air       22%        1d38      13%         5
 Airstrike                Air            3%         2d(1-17)  36%         4
 Manifold Assault         Tloc           7%         N/A       36%         4
 Passage of Golubria      Tloc           7%         N/A       36%         4
 Summon Lightning Spire   Summ/Air       7%         N/A       36%         4
 Agony                    Necr           7%         N/A       71%         5
 Lee's Rapid Deconstruct  Erth           3%         3d5*      71%         5
 Storm Form               Tmut/Air       22%        N/A       99%         7
 Malign Gateway           Summ/Tloc      3%         N/A       100%        7

Inventory:

Hand Weapons
 a - a +4 dagger of electrocution
 L - a +4 dagger of venom (weapon)
Missiles
 x - a throwing net {=f}
 z - 43 poisoned darts
 D - 5 curare-tipped darts {=f}
Armour
 j - a +0 cloak (worn)
 m - a +0 pair of boots (worn)
 n - a +0 kite shield
 s - a +1 hat (worn)
 E - a +2 robe of willpower (worn)
 H - a +0 pair of gloves (worn)
 M - a +2 robe of resistance
 O - the +0 cloak of the Cuttlefish {Rampage}
   (You found it on level 7 of the Dungeon)

   Rampage:   It bestows one free step when moving towards enemies.
Jewellery
 c - a ring of ice
 I - a +6 ring of intelligence (right hand)
 N - a ring of positive energy (left hand)
Wands
 v - a wand of paralysis (10)
Scrolls
 f - 2 scrolls of amnesia {unknown}
 h - a scroll of brand weapon {unknown}
 i - 2 scrolls of vulnerability {unknown}
 k - a scroll of blinking
 l - 3 scrolls of fog {unknown}
 o - a scroll of teleportation {unknown}
 p - 3 scrolls of enchant weapon
 w - 2 scrolls of poison {unknown}
 y - 3 scrolls of enchant armour
 B - a scroll of fear
 J - a scroll of silence {unknown}
 K - a scroll of torment {unknown}
 R - a scroll of immolation {unknown}
 S - a scroll of noise {unknown}
 T - a scroll of butterflies
Potions
 b - 2 potions of magic
 d - a potion of might {unknown}
 e - 2 potions of berserk rage {unknown}
 g - 4 potions of heal wounds {unknown}
 q - 3 potions of mutation {unknown}
 r - 2 potions of attraction {unknown}
 t - 4 potions of degeneration {unknown}
 u - 2 potions of curing {@q1}
 A - 2 potions of brilliance
 C - 4 potions of lignification
 F - 3 potions of flight
 G - 2 potions of ambrosia {unknown}
 Q - a potion of resistance {unknown}
Miscellaneous
 P - a phial of floods

Dungeon Overview and Level Annotations

Branches:
Dungeon (10/15)            Temple (0/1) D:4
   Lair: D:8-11         Orc: D:9-12

Shops:
D:5 *[   D:10 (:

Annotations:
D:3 1 runed translucent door, lokiplouj's ghost, amateur DsGl

#..# #.# #.....[..#
#..# #.# #........#
#..# #.# #........#
#.# #........# #.#
#........###
#.#######...........
#.........^....>....
#..∩...............
##.
#......@.........##
...
#.#######.>......#
##. ### #........#
#........#
#.....c..#
#..####..# #..# #).#
#..# #..# #..# #..#


You could see a yaktaur.


Message History

A fulminant prism comes into view.
The troll closely misses you. The troll claws you!
* * * LOW HITPOINT WARNING * * *
The troll claws you.
* * * LOW HITPOINT WARNING * * *
Okay, then.
Casting: Fulminant Prism (dangerous; 1% risk of failure)
Confirm with . or Enter, or press ? or * to list all spells.
You erupt in a fountain of uncontrolled magic!
The centaur is blasted with magical radiation!!!
You kill the centaur!
The troll is blasted with magical radiation!!!
You kill the troll!
You are very lightly contaminated with residual magic.
The yaktaur wields a +0 arbalest.
The yaktaur shoots a bolt.
The bolt hits you!
* * * LOW HITPOINT WARNING * * *
Your fulminant prism crackles loudly.
Your Fighting skill increases to level 1!
Unknown command.
The yaktaur shoots a bolt.
The bolt completely misses you.
Your fulminant prism explodes!
The blast of energy engulfs the yaktaur!!
The yaktaur is heavily wounded.
The yaktaur shoots a bolt.
The bolt hits you!
* * * LOW HITPOINT WARNING * * *
There is a stone staircase leading down here.
The yaktaur shoots a bolt.
The bolt hits you!
* * * LOW HITPOINT WARNING * * *
You feel better.
The yaktaur shoots a bolt.
The bolt hits you!
You die...

Skill      XL: |  1  2  3  4  5  6  7  8  9 10 11 |
---------------+----------------------------------+-----
Spellcasting   | 2 3 4 |  4.0
Conjurations   | 4 5 6 8 10 | 10.0
Hexes          | 2 3 4 6 |  6.0
Transmutations | 2 5 9 10 | 10.0
Evocations     | 4 |  4.0
Fire Magic     | 2 |  2.2
Fighting       | 1 |  1.8
Dodging        | |  1.7
Stealth        | |  1.7

Action                   |  1- 3 |  4- 6 |  7- 9 | 10-12 || total
-------------------------+-------+-------+-------+-------++-------
Melee: Unarmed           |     3 |       |       |       ||     3
       Dagger            |       |    14 |    39 |    39 ||    92
Throw: Dart              |       |       |     6 |     2 ||     8
       Throwing net      |       |       |       |     1 ||     1
 Cast: Magic Dart        |    85 |    46 |   152 |    65 ||   348
       Searing Ray       |     6 |    10 |    29 |    22 ||    67
       Fulminant Prism   |       |     9 |    22 |    21 ||    52
       Irradiate         |       |       |     1 |    10 ||    11
  Use: Scroll            |       |       |       |     9 ||     9
       Potion            |       |       |       |     1 ||     1
Armor: Robe              |     5 |     4 |    31 |    29 ||    69
Dodge: Dodged            |    20 |    20 |    43 |    43 ||   126

Levels and vault maps discovered:
D:1:      saegor_arrival_simple_a, layout_loops_corners, serial_aquarium,
          aquarium_bridge_square [aquarium_subvault_window,
          aquarium_subvault_wall, aquarium_subvault_wall,
          aquarium_subvault_bridge], aquarium_bridge_long_joined
          [aquarium_subvault_bridge, aquarium_subvault_window,
          aquarium_subvault_bridge, aquarium_subvault_wall,
          aquarium_subvault_wall, aquarium_subvault_bridge],
          aquarium_window_fake, aquarium_window_corner, aquarium_view_2d,
          aquarium_view_2e, aquarium_balcony_double_4, aquarium_pool_side,
          chequers_ecumenical_altar_island
D:2:      layout_basic, minivault_23, chequers_mini_garden, minivault_26,
          dk_noncrumbling_3, bh_walls_and_bars
D:3:      layout_basic, hellmonk_ghost_happy_afterlife
D:4:      layout_cave_pods, minmay_temple_entry_overgrown, uniq_ijyb
D:5:      layout_rooms, mainiacjoe_overflow_paths, serial_shops,
          nicolae_lakefront_shop, minivault_5, nicolae_shop_fire_sale
          [nicolae_sub_dead_trees], serial_bayou_lake_a, uniq_duvessa
D:6:      layout_loops_ring, cheibrodos_ashenzari_chains, serial_glass,
          glass_columns_b, glass_columns_a, glass_columns_c, glass_columns_c,
          glass_columns_b, glass_columns_a
D:7:      minmay_the_grid_octo_tiled_squarecenter
          [minmay_the_grid_octo_fan_narrow, minmay_the_grid_octo_chip,
          minmay_the_grid_octo_odd_swirl, minmay_the_grid_octo_teeth,
          minmay_the_grid_square_5x5_megaprize_diamond,
          minmay_the_grid_square_5x5_eight_small,
          minmay_the_grid_square_5x5_six, minmay_the_grid_square_5x5_bridge,
          minmay_the_grid_square_5x5_three_small], layout_loops_ring,
          general_overflow_altar, hangedman_decor_slide_cut,
          chequers_serial_rivers_room_a
D:8:      layout_basic, minitemple, minmay_misc_feat_ornament
D:9:      layout_basic, mainiacjoe_overflow_tiny_flanked,
          nicolae_uskayaw_murder_on_the_dancefloor,
          nicolae_gozag_cash_rules_everything_around_me, st_stairs_14,
          uniq_maggie
D:10:     minmay_cut_squares, layout_long_grid, serial_shops, shop, shop, shop,
          nicolae_shop_stone, minivault_11, grunt_livestock,
          hangedman_fish_farm, uniq_urug

Notes
Turn   | Place    | Note
-------+----------+-------------------------------------------
     0 | D:1      | Jackthecabe the Demigod Conjurer began the quest for the
                  | Orb.
     0 | D:1      | Reached XP level 1. HP: 14/14 MP: 5/5
   195 | D:1      | Reached skill level 2 in Spellcasting
   394 | D:1      | Reached XP level 2. HP: 20/20 MP: 1/7
   596 | D:1      | Learned a level 2 spell: Searing Ray
   671 | D:1      | Reached skill level 4 in Conjurations
  1583 | D:2      | Reached XP level 3. HP: 26/26 MP: 6/9
  2516 | D:3      | Noticed lokiplouj's ghost (amateur DsGl)
  2520 | D:3      | Found a runed translucent door.
  2791 | D:3      | Reached XP level 4. HP: 33/33 MP: 8/11
  2908 | D:3      | Reached skill level 3 in Spellcasting
  2908 | D:3      | Reached skill level 1 in Hexes
  3447 | D:4      | Learned a level 4 spell: Fulminant Prism
  3506 | D:4      | Reached skill level 2 in Hexes
  3506 | D:4      | Reached XP level 5. HP: 38/38 MP: 5/12
  3596 | D:4      | Found a staircase to the Ecumenical Temple.
  3627 | D:4      | Reached skill level 5 in Conjurations
  4571 | D:4      | Noticed Ijyb
  4575 | D:4      | Killed Ijyb
  4576 | D:4      | Reached skill level 3 in Hexes
  4576 | D:4      | Reached XP level 6. HP: 45/45 MP: 2/13
  4883 | D:5      | Entered Level 5 of the Dungeon
  4883 | D:5      | Noticed Duvessa
  4883 | D:5      | Noticed Dowan
  4888 | D:5      | Killed Duvessa
  4976 | D:5      | Noticed a water moccasin
  4981 | D:5      | Killed Dowan
  4991 | D:4      | Killed a water moccasin
  4992 | D:4      | Reached skill level 6 in Conjurations
  4992 | D:4      | Reached skill level 4 in Hexes
  5142 | D:4      | Reached XP level 7. HP: 39/50 MP: 7/14
  5262 | D:5      | Reached skill level 5 in Hexes
  5621 | D:5      | Found Erphufiro's Fire Supplies.
  5829 | D:5      | Reached skill level 6 in Hexes
  5835 | D:5      | Learned a level 5 spell: Irradiate
  6041 | D:5      | Found Welyih Biu's Armour Boutique.
  6256 | D:5      | Reached skill level 1 in Transmutations
  6477 | D:5      | Bought a +2 robe of willpower for 247 gold pieces
  6571 | D:6      | Reached skill level 2 in Transmutations
  6571 | D:6      | Reached XP level 8. HP: 57/57 MP: 6/15
  6684 | D:6      | Reached skill level 3 in Transmutations
  7394 | D:6      | Reached skill level 7 in Conjurations
  8129 | D:7      | Reached skill level 4 in Transmutations
  8420 | D:7      | Reached skill level 8 in Conjurations
  8420 | D:7      | Reached skill level 5 in Transmutations
  8651 | D:7      | Noticed a hornet
  8658 | D:7      | Reached XP level 9. HP: 46/62 MP: 11/16
  8671 | D:7      | Reached skill level 6 in Transmutations
  8675 | D:7      | Reached skill level 7 in Transmutations
  9064 | D:7      | Identified a +2 robe of resistance
  9277 | D:7      | Reached skill level 8 in Transmutations
  9309 | D:7      | Noticed a two-headed ogre
  9339 | D:7      | Killed a two-headed ogre
  9340 | D:7      | Reached skill level 9 in Transmutations
  9680 | D:7      | Noticed a gargoyle
  9696 | D:7      | Killed a gargoyle
  9795 | D:7      | Reached XP level 10. HP: 69/69 MP: 9/18
 10350 | D:7      | Identified the +0 cloak of the Cuttlefish {Rampage}
 10354 | D:7      | Reached skill level 10 in Transmutations
 10419 | D:7      | Got the Lectures on Combative Charms
 10427 | D:7      | Got the Octavo of Direction
 10522 | D:7      | Noticed a boulder beetle
 10537 | D:7      | Killed a boulder beetle
 10538 | D:7      | Reached skill level 9 in Conjurations
 10663 | D:7      | Got the Disquisition on Stones and Despicable Liturgies
 11015 | D:8      | Reached skill level 10 in Conjurations
 11022 | D:8      | Reached skill level 1 in Evocations
 11026 | D:8      | Reached skill level 2 in Evocations
 11462 | D:8      | Found the +3 woodcutter's axe {vorpal}
 11582 | D:8      | Reached skill level 3 in Evocations
 12071 | D:9      | Noticed Maggie
 12077 | D:9      | Killed Maggie
 12207 | D:9      | Noticed a manticore
 12303 | D:9      | Reached skill level 4 in Evocations
 13042 | D:9      | Killed a manticore
 13043 | D:9      | Reached skill level 4 in Spellcasting
 13453 | D:10     | Entered Level 10 of the Dungeon
 13470 | D:10     | Found Yzxejobe's Antique Weapon Emporium.
 13516 | D:10     | Reached skill level 1 in Fire Magic
 13519 | D:10     | Reached skill level 2 in Fire Magic
 13519 | D:10     | Reached XP level 11. HP: 46/74 MP: 7/20
 13642 | D:10     | Found Gaolinn's Book Boutique.
 13697 | D:10     | Reached skill level 1 in Fighting
 13705 | D:10     | HP: 2/79 [yaktaur/bolt (10)]
 13706 | D:10     | Shot with a bolt by a yaktaur

Vanquished Creatures
  A two-headed ogre (D:7)
  A boulder beetle (D:7)
  A manticore (D:9)
  A gargoyle (D:7)
  Maggie (D:9)
  2 unseen horrors (D:7)
  A troll (D:10)
  A hornet (D:7)
  A slime creature (D:7)
  A vampire (D:7)
  A shadow (D:7)
  7 yaks
  A wyvern (D:7)
  A steam dragon (D:9)
  A vampire mosquito (D:10)
  3 water moccasins
  Duvessa (D:5)
  3 ice beasts
  2 black bears
  2 sky beasts (D:7)
  3 ogres
  2 centaurs
  3 kobold brigands
  3 bullfrogs
  5 scorpions
  2 necrophages
  A gnoll sergeant (D:9)
  17 wights
  Dowan (D:5)
  10 killer bees
  2 howler monkeys
  5 hounds
  2 gnoll boudas
  3 jellies
  3 orc priests
  Ijyb (D:4)
  4 iguanas
  An orc wizard (D:4)
  8 gnolls
  8 adders
  2 shadow imps (D:7)
  2 white imps
  2 ufetubi (D:5)
  6 dart slugs
  15 orcs
  3 bats
  4 endoplasms
  4 giant cockroaches
  4 goblins
  11 hobgoblins
  4 jackals
  18 kobolds
  2 quokkas (D:1)
  7 ball pythons
  A frilled lizard (D:1)
  7 rats
209 creatures vanquished.

Vanquished Creatures (others)
  52 fulminant prisms
  24 plants
76 creatures vanquished.

Grand Total: 285 creatures vanquished

Table legend: (Time is in decaauts)
 A = Elapsed time spent in this place.
 B = Non-inter-level travel time spent in this place.
 C = Inter-level travel time spent in this place.
 D = Time resting spent in this place.
 E = Time spent auto-exploring this place.
 F = Levels seen in this place.
 G = Mean time per level.
                   A        B        C        D        E       F      G
               +--------+--------+--------+--------+--------+-----+--------+
         Total |  13740 |  13115 |    625 |   2001 |   9414 |  10 | 1374.0 |
       Dungeon |  13740 |  13115 |    625 |   2001 |   9414 |  10 | 1374.0 |
               +--------+--------+--------+--------+--------+-----+--------+

Top non-repeatable levels by time:
     D:7: 2905 daAuts
     D:5: 1885 daAuts
     D:1: 1618 daAuts
     D:9: 1521 daAuts
     D:4: 1468 daAuts
     D:3: 1351 daAuts
     D:6: 1103 daAuts
     D:8: 942 daAuts
     D:2: 731 daAuts
    D:10: 212 daAuts

Table legend:
 A = Non-vault XP
 B = Vault XP
 C = Vault XP percentage of total XP
 D = Non-vault monster count
 E = Vault monster count
 F = Vault count percentage of total count
                 A         B        C        D         E       F
            +---------+---------+-------+---------+---------+-------
      Total |    7961 |    5807 |  42.2 |     182 |      27 |  12.9
            +---------+---------+-------+---------+---------+-------
        D:1 |      45 |       0 |   0.0 |      28 |       0 |   0.0
        D:2 |      35 |       0 |   0.0 |      12 |       0 |   0.0
        D:3 |      91 |       0 |   0.0 |      17 |       0 |   0.0
        D:4 |     520 |      36 |   6.5 |      18 |       1 |   5.3
        D:5 |     600 |     204 |  25.4 |      21 |       2 |   8.7
        D:6 |     638 |       0 |   0.0 |      16 |       0 |   0.0
        D:7 |    2569 |    4835 |  65.3 |      40 |      20 |  33.3
        D:8 |    1200 |       0 |   0.0 |      16 |       0 |   0.0
        D:9 |    1215 |     558 |  31.5 |       9 |       3 |  25.0
       D:10 |    1048 |     174 |  14.2 |       5 |       1 |  16.7
            +---------+---------+-------+---------+---------+-------
